Map: Abiogenesis LE

Players

Eltesla

  • Race: Protoss Protoss
  • Spawn Location: 5:00

ILIEKEGGPIE - Winner!

  • Race: Protoss Protoss
  • League: Platinum
  • Spawn Location: 11:00

VOD

Have the link to the VOD?

Description

Time

  • Played on: April 24, 2018, 3:37 p.m.
  • Length: 9:35
Show
View Real Time Build Order
Export as new Build Order

Eltesla Protoss 

Build Orders: Double Forge 

Get SALT Encoding   

  1  0:00  Probe  
  13  0:08  Probe  
  14  0:20  Pylon  
  14  0:25  Probe  
  15  0:33  Assimilator  
  15  0:43  Gateway  
  15  0:44  Probe  
  16  0:56  Probe  
  17  0:59  Pylon  
  17  1:09  Forge  
  17  1:17  Probe  
  18  1:21  Gateway  
  18  1:23  Assimilator  
  18  1:26  Pylon  
  18  1:34  Cybernetics Core  
  18  1:35  Probe  
  19  1:43  Probe  
  20  1:50  Zealot  
  22  1:56  Probe  
  23  2:06  Probe  
  24  2:11  Stalker  
  24  2:14  Probe  
  27  2:23  Pylon  
  27  2:30  Forge  
  27  2:31  Probe  
  28  2:43  Adept  
  30  2:45  Adept  
  32  2:51  Probe  
  33  3:05  Shield Battery  
  33  3:11  Stalker  
  35  3:14  Robotics Facility  
  35  3:23  Protoss Ground Weapons Level 1  
  35  3:30  Pylon  
  35  3:37  Pylon  
  35  3:40  Probe  
  36  3:45  Stalker  
  38  3:52  Probe  
  39  3:59  Immortal  
  39  4:00  Photon Cannon  
  43  4:22  Twilight Council  
  43  4:24  Probe  
  44  4:32  Robotics Bay  
  44  4:37  Probe  
  45  4:39  Photon Cannon  
  45  4:48  Immortal  
  48  5:07  Stalker x2  
  52  5:15  Probe, Photon Cannon  
  52  5:19  Pylon  
  53  5:23  Shield Battery  
  53  5:29  Protoss Ground Armor Level 1  
  51  5:46  Charge  
  51  5:51  Warp Prism  
  53  6:03  Shield Battery  
  53  6:04  Pylon  
  53  6:14  Photon Cannon  
  53  6:16  Photon Cannon  
  53  6:18  Pylon  
  53  6:26  Photon Cannon  
  53  6:51  Shield Battery  
  53  6:56  Immortal  
  57  7:02  Photon Cannon  
  57  7:04  Pylon  
  57  7:05  Probe  
  58  7:10  Shield Battery  
  58  7:18  Probe  
  59  7:36  Immortal  
  53  8:09  Immortal  
  41  8:39  Stalker  
  37  8:42  Photon Cannon  
  37  8:44  Photon Cannon  
  37  8:50  Shield Battery  
  24  9:21  Shield Battery  
  23  9:29  Photon Cannon  
Show
View Real Time Build Order
Export as new Build Order

ILIEKEGGPIE Protoss - Winner!

Build Orders:  

Get SALT Encoding   

  12  0:01  Probe  
  13  0:13  Probe  
  14  0:17  Pylon  
  14  0:25  Probe  
  15  0:37  Probe  
  15  0:42  Gateway  
  16  0:49  Probe  
  17  0:53  Pylon  
  17  0:59  Assimilator  
  17  1:29  Probe  
  17  1:32  Cybernetics Core  
  18  1:33  Gateway  
  18  1:37  Probe  
  18  1:45  Probe  
  20  1:55  Probe  
  20  1:56  Assimilator  
  20  1:59  Stalker  
  21  2:07  Probe  
  24  2:18  Stalker  
  24  2:24  Probe  
  27  2:34  Warp Gate  
  27  2:45  Pylon  
  27  2:47  Stalker  
  29  3:07  Gateway  
  29  3:09  Shield Battery  
  29  3:17  Stalker  
  31  3:24  Probe  
  31  3:47  Stalker  
  33  3:53  Stalker  
  35  4:07  Stargate  
  35  4:10  Shield Battery  
  35  4:12  Shield Battery  
  35  4:42  Adept x2  
  39  4:46  Pylon  
  39  4:48  Pylon  
  39  4:54  Void Ray  
  39  5:10  Stalker x2  
  39  5:11  Stalker  
  45  5:20  Pylon  
  45  5:42  Void Ray  
  49  5:57  Gateway  
  49  6:02  Stalker x2  
  53  6:24  Stalker, Void Ray  
  59  6:32  Stalker x2  
  63  6:36  Pylon  
  63  6:59  Stalker x3  
  69  7:09  Pylon  
  69  7:19  Shield Battery  
  65  7:53  Stalker  
  65  7:54  Stalker x2  
  63  8:56  Pylon  
  63  8:59  Pylon  
Tags
 
League
Platinum
Matchup
PvP
Replay Pack
Multi
Spawn Locations
Cross Positions
Add a new tag
Caveats
  • Supply blocks, unpowered buildings, or Contaminate may cause inaccurate times.
  • Supply counts are checked every 10 seconds.